 Dungeon Crawl Stone Soup version 0.21.1-1-g345015f (webtiles) character file.

127 shitimlost the Sneak (level 4, -1/34 HPs)
             Began as a Vampire Assassin on Feb 19, 2018.
             Slain by a worm (11 damage)
             ... on level 3 of the Dungeon.
             The game lasted 00:02:44 (1897 turns).

shitimlost the Sneak (Vampire Assassin)             Turns: 1897, Time: 00:02:45

Health: -1/34      AC:  0    Str: 11    XL:     4   Next: 85%
Magic:  2/4        EV: 20    Int: 13    God:
Gold:   96         SH:  0    Dex: 20    Spells: 3/3 levels left

rFire    . . .     SeeInvis +   (weapon currently unavailable)
rCold    + . .     Gourm    .   (shield currently unavailable)
rNeg     + + .     Faith    .   (armour currently unavailable)
rPois    +         Spirit   .   (helmet currently unavailable)
rElec    .         Reflect  .   (cloak currently unavailable)
rCorr    .         Harm     .   (gloves currently unavailable)
MR       .....                  (boots currently unavailable)
Stlth    ++++++....             (no amulet)
HPRegen  0.05/turn              (ring currently unavailable)
MPRegen  0.09/turn              (ring currently unavailable)

@: bat-form, flying, regenerating slowly, very quick
A: tiny, fangs 3, see invisible
a: End Transformation


You were on level 3 of the Dungeon.
You were thirsty.
You were in vampire-bat-form.
You visited 1 branch of the dungeon, and saw 3 of its levels.

You collected 96 gold pieces.

Inventory:

Hand Weapons
 a - a +2 dagger
 b - a +0 blowgun
 n - a +2 short sword of freezing (melded)
 s - a +0 hunting sling
Missiles
 e - 8 poisoned needles
 f - 2 curare-tipped needles
 m - 2 needles of confusion
 t - 55 stones (quivered)
 x - 4 tomahawks
Armour
 c - a +0 robe (melded)
 d - a +0 cloak (melded)
Scrolls
 h - a scroll of remove curse {unknown}
 i - 2 scrolls of identify {unknown}
 j - a scroll of magic mapping {unknown}
 o - a scroll of blinking {unknown}
 q - a scroll of enchant weapon {unknown}
 r - a scroll of teleportation {unknown}
 v - a scroll of noise {unknown}
 y - a scroll of immolation {unknown}
Potions
 g - 24 potions of blood
 k - 2 potions of heal wounds {unknown}
 l - 2 potions of mutation {unknown}
 p - a potion of magic {unknown}
 u - a potion of curing {unknown}
 w - 2 potions of haste {unknown}
 z - a potion of agility {unknown}
 A - a potion of berserk rage {unknown}


   Skills:
 + Level 2.5 Fighting
 + Level 3.1 Short Blades
 + Level 2.3 Throwing
 + Level 2.4 Dodging
 + Level 6.7 Stealth


You had 3 spell levels left.
You didn't know any spells.

Dungeon Overview and Level Annotations

Branches:
Dungeon (3/15)

Altars:


Innate Abilities, Weirdness & Mutations

You heal slowly.
You have razor-sharp teeth.
You have supernaturally acute eyesight. (SInv)
((You can survive without breathing.))


Message History

Your bite misses the adder.
The adder is heavily wounded.
The adder bites you. The kobold hits you with a whip.
You are feeling thirsty.
You hit the adder but do no damage.
The adder is heavily wounded.
The adder barely misses you. The kobold misses you.
You hit the adder.
The adder seems to slow down.
You freeze the adder.
The adder is almost dead.
The worm misses you. The adder bites you. The kobold hits you with a whip.
You closely miss the adder.
The adder is almost dead.
The kobold hits you with a whip. The adder bites you.
* * * LOW HITPOINT WARNING * * *
You turn into a vampire bat.
Your +2 short sword of freezing melds into your body.
Your +0 cloak melds into your body.
Your +0 robe melds into your body.
Your +2 short sword of freezing stops glowing.
The worm bites you!
You die...

##.#.#...#.##....#
#...#
###.###.#.###...#
#...# #...#...#.#
#.†.# #...#
####.#####.#
#...####...#
.....#.....#
#.........)#
######.###.#
#..........#
###....#
#.###....$.....#
.##.####
#.#........#####
.##.# #.#....b...#
.##.#
#.+...SKw(.....
....#
###........####
##### #$.......#
#........#
..........#
.....####### .....


You could see a worm, an adder and a kobold.

Vanquished Creatures
  An orc priest (D:2)
  2 adders (D:2)
  An ooze (D:1)
  3 worms (D:2)
  2 dart slugs (D:1)
  A leopard gecko (D:1)
  4 orcs (D:2)
  2 giant cockroaches
  8 goblins
  6 hobgoblins
  3 jackals (D:2)
  6 kobolds
  2 quokkas (D:2)
  8 bats
  3 frilled lizards (D:2)
  6 rats
58 creatures vanquished.

Notes
Turn   | Place    | Note
-------+----------+-------------------------------------------
     0 | D:1      | shitimlost the Vampire Assassin began the quest for the Orb.
     0 | D:1      | Reached XP level 1. HP: 16/16 MP: 1/1
    78 | D:1      | Reached skill level 6 in Stealth
   116 | D:1      | Reached XP level 2. HP: 20/22 MP: 2/2
   553 | D:1      | Reached XP level 3. HP: 27/27 MP: 3/3
   850 | D:2      | Reached XP level 4. HP: 28/34 MP: 4/4
  1897 | D:3      | Slain by a worm

Skill      XL: |  1  2  3  4 |
---------------+-------------+-----
Stealth        | 6 |  6.7
Fighting       | 2 |  2.5
Throwing       | 2 |  2.3
Dodging        | 2 |  2.4
Short Blades   | 3 |  3.1

Action                   |  1- 3 |  4- 6 || total
-------------------------+-------+-------++-------
Melee: Dagger            |    36 |       ||    36
       Short sword       |    25 |    75 ||   100
       Bite              |     2 |     6 ||     8
 Abil: Bat Form          |       |     1 ||     1
  Use: Potion            |       |     2 ||     2
 Stab: Sleeping          |    13 |     9 ||    22
       Distracted        |       |     1 ||     1
Armor: Robe              |    12 |     7 ||    19
Dodge: Dodged            |    22 |    49 ||    71
